 Dungeon Crawl Stone Soup version 0.23.2-33-g5129a83184 (webtiles) character file.

Game seed: 9618790072686132386

225110 AarnesTheHuman the Spry (level 19, -11/94 HPs)
             Began as a Merfolk Venom Mage on Aug 4, 2019.
             Was the Champion of Hepliaklqana.
             Mangled by a spatial maelstrom (14 damage)
             ... on level 5 of the Abyss on Aug 5, 2019.
             The game lasted 06:41:52 (58059 turns).

AarnesTheHuman the Spry (Merfolk Venom Mage)       Turns: 58059, Time: 06:41:52

Health: -11/94     AC: 10    Str: 19      XL:     19   Next: 31%
Magic:  0/45       EV: 20    Int:  9 (14) God:    Hepliaklqana [******]
Gold:   1178       SH: 17    Dex:  9      Spells: 12/45 levels left

rFire    + . .     SeeInvis +   p - +5 spear of Ancient Evil {pierce, MP+9 Str+3 Int+2}
rCold    . . .     Gourm    .   T - +4 shield
rNeg     . . .     Faith    .   F - +3 leather armour {MR+}
rPois    +         Spirit   +   l - +0 hat {SInv}
rElec    +         Reflect  .   s - scarf {repulsion}
rCorr    .         Harm     .   H - +0 pair of gloves "Xeikiph" {rElec Dex+2}
MR       ++...     Rnd*Rage +   P - +1 pair of boots
Stlth    +.........             M - amulet of guardian spirit
HPRegen  0.00/turn              E - +3 ring of protection
MPRegen  0.29/turn              L - ring of Wefe {Wiz rPois rF+ Str+3 Dex-5}

@: sluggish, repel missiles, very slow
A: change form in water, swift swim, stealthy swim, reduced essence, [berserk
2], [blurry vision 3], [clumsy 2], [deformed body], [deterioration 2], [dopey
2], [frail 3], [inhibited regeneration], [no potion heal 3], [subdued magic 3]
}: 1/15 runes: gossamer
a: Recall Ancestor, Ancestor Identity, Transference, Idealise, Renounce Religion


You were on level 5 of the Abyss.
You worshipped Hepliaklqana.
Hepliaklqana was exalted by your worship.
You were not hungry.

You visited 7 branches of the dungeon, and saw 33 of its levels.
You visited the Abyss 2 times.

You collected 3128 gold pieces.
You spent 1950 gold pieces at shops.

Inventory:

Hand Weapons
 p - the +5 spear of Ancient Evil (weapon) {pierce, MP+9 Str+3 Int+2}
   (You found it on level 7 of the Dungeon)

   It inflicts extra damage upon your enemies.
   It affects your strength (+3).
   It affects your intelligence (+2).
   It affects your magic capacity (+9).
Armour
 g - +0 acid dragon scales
 l - a +0 hat of see invisible (worn)
 s - a scarf of repulsion (worn)
 F - a +3 leather armour of magic resistance (worn)
 H - the +0 pair of gloves "Xeikiph" (worn) {rElec Dex+2}
   (You found it on level 15 of the Dungeon)

   It affects your dexterity (+2).
   It insulates you from electricity.
 P - a +1 pair of boots (worn)
 Q - a +2 chain mail of fire resistance
 T - a +4 shield (worn)
Jewellery
 f - a +3 ring of slaying
 q - an uncursed ring of see invisible
 r - an uncursed amulet of regeneration
 x - an uncursed ring of flight
 E - a +3 ring of protection (left hand)
 I - an uncursed ring of poison resistance
 L - the ring of Wefe (right hand) {Wiz rPois rF+ Str+3 Dex-5}
   (You bought it in a shop on level 2 of the Orcish Mines)

   [ring of wizardry]

   It improves your spell success rate.
   It affects your strength (+3).
   It affects your dexterity (-5).
   It protects you from fire.
   It protects you from poison.
 M - an amulet of guardian spirit (around neck)
 U - an uncursed ring of fire
 V - an uncursed ring of resist corrosion
 Y - a +3 ring of strength
Wands
 a - a wand of paralysis (30)
 t - a wand of flame (54)
 v - a wand of disintegration (34)
 B - a wand of acid (18)
 C - a wand of iceblast (20)
 W - a wand of digging (24)
Scrolls
 h - 16 scrolls of identify
 k - 5 scrolls of fog
 u - 8 scrolls of teleportation
 w - 9 scrolls of remove curse
 y - 3 scrolls of enchant weapon
 A - 5 scrolls of blinking
 D - a scroll of torment {unknown}
 K - 2 scrolls of magic mapping
 N - 2 scrolls of enchant armour
 R - a scroll of fear
Potions
 b - 8 potions of curing
 e - 5 potions of brilliance
 i - a potion of cancellation
 m - 5 potions of agility
 n - 6 potions of flight
 o - 11 potions of ambrosia
 G - 2 potions of resistance
 J - a potion of mutation
 O - 3 potions of magic
 S - 11 potions of might
 X - a potion of invisibility
 Z - 3 potions of berserk rage
Comestibles
 c - 42 rations


   Skills:
 + Level 16.2 Fighting
 + Level 15.8 Polearms
 + Level 18.3 Dodging
 - Level 2.1 Stealth
 - Level 15.0 Shields
 + Level 13.5 Spellcasting
 - Level 8.1 Conjurations
 - Level 2.5 Translocations
 - Level 2.0 Air Magic
 - Level 8.5 Poison Magic
 - Level 4.0 Invocations


You had 12 spell levels left.
You knew the following spells:

 Your Spells              Type           Power        Failure   Level  Hunger
a - Sting                 Conj/Pois      ##..         1%          1    None
b - Poisonous Vapours     Pois/Air       #.....       1%          2    None
c - Mephitic Cloud        Conj/Pois/Air  #.......     1%          3    ##.....
d - Olgreb's Toxic Radia  Pois           ##......     1%          4    ####...
e - Confusing Touch       Hex            #.....       2%          1    None
f - Call Imp              Summ           #.......     4%          2    None
g - Blink                 Tloc           N/A          1%          2    None
h - Conjure Flame         Conj/Fire      #.......     1%          3    ##.....
i - Stone Arrow           Conj/Erth      #.....       1%          3    ##.....
j - Animate Skeleton      Necr           N/A          2%          1    None
k - Magic Dart            Conj           ##..         1%          1    None
l - Venom Bolt            Conj/Pois      ##........   2%          5    #####..
m - Confuse               Hex            #.......     10%         3    ##.....
n - Swiftness             Chrm/Air       #.......     2%          2    None

Your spell library contained the following spells:

 Spells                   Type           Power        Failure   Level  Hunger
 Apportation              Tloc           #.....       1%          1    None
 Shock                    Conj/Air       #...         1%          1    None
 Dazzling Spray           Conj/Hex       #.....       1%          3    ##.....
 Static Discharge         Conj/Air       #.......     1%          3    ##.....
 Corona                   Hex            #......      2%          1    None
 Sandblast                Erth           #.....       2%          1    None
 Summon Small Mammal      Summ           #...         2%          1    None
 Corpse Rot               Necr           N/A          4%          2    None
 Ensorcelled Hibernation  Hex/Ice        #.....       4%          2    None
 Passwall                 Tmut/Erth      #.......     4%          2    None
 Slow                     Hex            #.......     4%          2    None
 Portal Projectile        Hex/Tloc       #.....       5%          3    ##.....
 Inner Flame              Hex/Fire       #.......     10%         3    ##.....
 Tukima's Dance           Hex            #.......     10%         3    ##.....
 Lightning Bolt           Conj/Air       #.........   11%         5    #####..
 Airstrike                Air            #.........   13%         4    ####...
 Cause Fear               Hex            #.........   32%         4    ####...
 Leda's Liquefaction      Hex/Erth       #.........   32%         4    ####...
 Petrify                  Tmut/Erth      #.......     32%         4    ####...
 Summon Forest            Summ/Tloc      #.........   50%         5    #####..
 Lee's Rapid Deconstruct  Erth           #.........   67%         5    #####..
 Hydra Form               Tmut           #.........   99%         6    #######
 Summon Hydra             Summ           #.........   100%        7    #######
 Ignition                 Fire           #.........   100%        8    #######
 Shatter                  Erth           #.........   100%        9    #######
 Tornado                  Air            #.........   100%        9    #######


Dungeon Overview and Level Annotations

Branches:
Dungeon (15/15)            Temple (1/1) D:5            Lair (6/6) D:10
  Swamp (3/4) Lair:2       Spider (4/4) Lair:2        Slime (0/5) Lair:5
    Orc (2/2) D:10            Elf (0/3) Orc:2        Vaults (2/5) D:13
 Depths (0/5) D:15
  Crypt: Vaults:2-3

Altars:
Ashenzari
Cheibriados
Dithmenos
Elyvilon
Fedhas
Gozag
Hepliaklqana
Kikubaaqudgha
Makhleb
Nemelex Xobeh
Okawaru
Qazlal
Ru
Sif Muna
Trog
Uskayaw
Vehumet
Wu Jian
Xom
Yredelemnul
Zin
The Shining One
Beogh
Lugonu

Shops:
D:5 }   D:9 [   Orc:2 ==([

Portals:
Trove: Vaults:1 (give +3 gold dragon scales)

Annotations:
D:9 exclusions: downstairs and fire dragon
D:13 1 exclusion
Lair:1 Urug
Lair:2 exclusion: downstairs
Swamp:2 exclusion: downstairs
Vaults:2 Aizul


Innate Abilities, Weirdness & Mutations

You revert to your normal form in water You are very nimble and swift while swimming.
You are very stealthy in the water. (Stealth+)
Your life essence is reduced to manifest your ancestor. (-10% HP)
[You often lose your temper in combat.]
[Scrolls take you much longer to read.]
[You are very clumsy. (Dex -4)]
[Armour fits poorly on your strangely shaped body.]
[Your body often deteriorates upon taking damage.]
[You are very dopey. (Int -4)]
[You are extremely frail. (-30% HP)]
[You do not regenerate when monsters are visible.]
[Potions cannot restore your health.]
[Your spells are much easier to cast, but much less powerful.]


Message History

You block the raiju's attack.
A spatial vortex comes into view.
The raiju bursts into living lightning!
The living lightning misses you. x2; The raiju blinks!
You feel sluggish.
You block the spatial maelstrom's attack.
The spatial maelstrom hits you!
* * * LOW HITPOINT WARNING * * *
Space warps horribly around you!
* * * LOW HITPOINT WARNING * * *
The spatial maelstrom barely misses you.
You block the spatial maelstrom's attack.
You block the spatial maelstrom's attack. x2
The raiju bursts into living lightning!
The living lightning hits you. You resist.
* * * LOW HITPOINT WARNING * * *
The raiju blinks!
You block the spatial maelstrom's attack.
The spatial maelstrom hits you. Space warps horribly around you!!
You die...

# .# ### ..# ..#
#..
#..######.##..
..#.##..#h......
#v#.#..v@# .
#.......# ...#
###......# v..
..v#.#.ยง###.#
#...#...## #.#
..#.v......#
##..#..#.#..#
####..#.# #
##...# ## ###
.###


You could see a spatial maelstrom, 2 spatial vortices and a raiju.

Vanquished Creatures
  Jorgrun (D:13)
  Donald (Swamp:2)
  A deep elf sorcerer (Abyss:4)
  A frost giant (D:15)
  4 ghost moths (Spider:3)
  An orc warlord (Orc:2)
  3 vault wardens
  4 emperor scorpions
  3 ironheart preservers (Vaults:1)
  A ghoul (Vaults:1)
  2 entropy weavers (Spider:3)
  A stone giant (Vaults:1)
  2 spark wasps (Spider:4)
  Snorg (D:10)
  A yaktaur captain (Vaults:1)
  Fannar (D:10)
  4 vault guards (D:13)
  2 rakshasas (Vaults:1)
  23 two-headed ogres
  2 shambling mangroves
  9 hydras
  A death knight (Vaults:1)
  5 centaur warriors
  5 ogre magi
  A catoblepas (Lair:6)
  7 alligators
  6 dancing weapons (Spider:1)
  A deep troll shaman (Lair:6)
  A tengu warrior (D:15)
  Erica (D:10)
  8 death yaks
  Sonja (D:13)
  A deep elf knight (Vaults:1)
  2 skeletal warriors
  2 unseen horrors
  A glowing orange brain (Vaults:1)
  2 unseen horrors (shapeshifter) (Vaults:1)
  A spriggan druid (Swamp:3)
  A wizard (Vaults:1)
  A lindwurm (Lair:6)
  2 orc knights
  A phantasmal warrior (Vaults:1)
  An ironbrand convoker (Vaults:1)
  27 wolf spiders
  3 deep elf archers (Vaults:1)
  A wolf spider zombie (D:13)
  21 orb spiders
  2 cyclopes (D:15)
  8 slime creatures
  2 moths of wrath
  26 ugly things
  A manticore (D:15)
  2 deep elf magi
  5 elephants
  A worldbinder (Abyss:4)
  7 vault sentinels
  2 black mambas
  7 spiny frogs
  6 centaur skeletons
  4 kobold demonologists
  2 efreet (D:15)
  6 komodo dragons
  11 yaktaurs
  2 freezing wraiths
  11 demonic crawlers
  21 jumping spiders
  A queen bee (Lair:5)
  2 ancient zymes (Abyss:4)
  5 meliai
  5 polar bears
  6 trolls
  2 tyrant leeches
  14 hornets
  Prince Ribbit (Lair:1)
  A polar bear (shapeshifter) (Vaults:2)
  7 blink frogs
  3 raiju (Abyss:4)
  5 hippogriffs
  5 dream sheep (Lair:5)
  25 tarantellas
  An air elemental (Abyss:4)
  2 wyverns
  An alligator skeleton (Abyss:4)
  3 shadows
  58 redbacks
  4 spriggans
  2 vampires
  4 wraiths
  34 yaks
  Grum (Lair:1)
  A basilisk (Lair:4)
  9 vampire mosquitoes
  4 wargs
  A soldier ant (D:11)
  3 swamp worms
  An acid dragon (Vaults:1)
  5 water moccasins
  5 porcupines
  32 orc warriors
  3 sky beasts
  3 swamp drakes
  A black bear (Lair:5)
  An eye of draining (D:15)
  4 ice beasts
  3 phantoms
  4 boggarts (Vaults:1)
  21 ogres
  12 wolves
  19 centaurs
  9 crocodiles
  2 big kobolds
  16 bullfrogs
  A water moccasin zombie (D:9)
  A wyvern zombie (D:12)
  5 scorpions
  41 killer bees
  2 howler monkeys
  2 electric eels (Spider:2)
  A quasit (D:10)
  A yaktaur simulacrum (Vaults:1)
  4 crimson imps
  2 centaur zombies
  2 bullfrog skeletons
  3 bullfrog zombies
  5 hounds
  3 jellies
  23 orc priests
  30 orc wizards
  2 hexers
  2 iguanas
  Natasha (thrice) (D:2)
  10 worker ants
  A hound zombie (D:5)
  A hound skeleton (D:4)
  2 worker ant zombies
  6 gnolls (D:4)
  10 adders
  A shadow imp (D:7)
  2 oozes
  A worm (shapeshifter) (Abyss:4)
  5 worms
  A dart slug (D:3)
  3 leopard geckos
  99 orcs
  6 giant cockroaches
  4 goblins
  4 hobgoblins
  4 jackals (D:1)
  18 kobolds
  7 quokkas
  A ball python (D:1)
  8 bats
  3 frilled lizards
  10 rats
  A lurking horror (Abyss:4)
  A plant (Lair:4)
991 creatures vanquished.

Vanquished Creatures (collateral kills)
  A thorn hunter (Swamp:3)
  A storm dragon (Vaults:1)
  3 ironheart preservers
  2 yaktaur captains (Vaults:1)
  4 vault guards (D:13)
  2 shambling mangroves
  4 hydras
  2 catoblepae
  3 two-headed ogres
  A dancing weapon (Spider:1)
  3 centaur warriors
  3 ogre magi
  4 alligators
  2 death yaks (Lair:6)
  2 skeletal warriors
  An orc knight (Vaults:1)
  2 orb spiders
  A manticore (D:15)
  9 wolf spiders
  2 cyclopes
  2 elephants
  Psyche (D:10)
  A large abomination (Abyss:4)
  A spiny frog (Lair:1)
  A centaur skeleton (D:15)
  A demonic crawler (Spider:1)
  2 freezing wraiths (Vaults:1)
  3 komodo dragons
  2 yaktaurs
  A tengu conjurer (D:15)
  4 meliai
  A polar bear (Lair:5)
  4 hornets
  6 jumping spiders
  A tyrant leech (Lair:2)
  5 blink frogs
  6 slime creatures
  A dream sheep (Lair:5)
  2 hippogriffs
  A bog body (Swamp:2)
  9 redbacks
  A spriggan (Swamp:2)
  A wraith (Vaults:1)
  4 tarantellas
  9 yaks
  3 vampire mosquitoes
  3 swamp worms
  3 wargs
  3 swamp drakes (Swamp:1)
  2 porcupines
  An ice beast (D:9)
  A necrophage (D:13)
  6 orc warriors
  6 ogres
  A wolf (Lair:2)
  2 centaurs
  A big kobold (D:8)
  A crocodile (Lair:6)
  2 bullfrogs
  A small abomination (Abyss:4)
  A scorpion (D:12)
  3 killer bees
  6 jellies
  A bullfrog skeleton (D:6)
  2 orc priests
  3 orc wizards
  An iguana (D:8)
  An adder (D:6)
  A shadow imp (D:7)
  13 orcs
  A kobold (D:9)
  A briar patch (Abyss:4)
  A bush (Lair:6)
  2 fungi (Lair:5)
  4 plants
199 creatures vanquished.

Vanquished Creatures (others)
  A hydra simulacrum (Abyss:4)
  80 hexers
  9 ancestors
  A kobold (D:10)
  4 bushes (D:15)
  A demonic plant (D:13)
  16 fungi
  18 plants
  8 starspawn tentacles (Abyss:4)
138 creatures vanquished.

Grand Total: 1328 creatures vanquished

Notes
Turn   | Place    | Note
-------+----------+-------------------------------------------
     0 | D:1      | AarnesTheHuman the Merfolk Venom Mage began the quest for
                  | the Orb.
     0 | D:1      | Reached XP level 1. HP: 13/13 MP: 3/3
   259 | D:1      | Reached skill level 1 in Conjurations
   259 | D:1      | Reached XP level 2. HP: 20/20 MP: 1/5
   362 | D:1      | Reached skill level 3 in Dodging
   714 | D:1      | Learned a level 2 spell: Poisonous Vapours
   838 | D:1      | Reached skill level 1 in Fighting
   844 | D:1      | Reached XP level 3. HP: 24/26 MP: 1/6
   995 | D:2      | Learned a level 3 spell: Mephitic Cloud
  1332 | D:2      | Noticed Natasha
  1340 | D:2      | Killed Natasha
  1340 | D:2      | Reached XP level 4. HP: 23/32 MP: 4/7
  1463 | D:2      | Found a faded altar of an unknown god.
  1544 | D:2      | Found a white marble altar of Elyvilon.
  1600 | D:2      | Noticed Natasha
  1610 | D:2      | Killed Natasha
  2108 | D:2      | Noticed Natasha
  2115 | D:2      | Killed Natasha
  2115 | D:2      | Reached XP level 5. HP: 38/38 MP: 2/9
  2464 | D:3      | Reached skill level 4 in Dodging
  3210 | D:3      | Reached skill level 1 in Air Magic
  3210 | D:3      | Reached XP level 6. HP: 46/46 MP: 5/10
  3622 | D:4      | Reached skill level 1 in Shields
  3740 | D:4      | Noticed a phantom
  3960 | D:4      | Got a dazzling chain mail
  4331 | D:5      | Entered Level 5 of the Dungeon
  4356 | D:5      | Reached XP level 7. HP: 33/51 MP: 7/12
  4978 | D:4      | Identified the +2 chain mail "Toikideon" {rCorr Slay+3}
                  | (You found it on level 4 of the Dungeon)
  5216 | D:4      | Reached skill level 1 in Polearms
  5512 | D:5      | Found Nothri Faif's Gadget Shoppe.
  5804 | D:5      | Found a staircase to the Ecumenical Temple.
  5822 | Temple   | Entered the Ecumenical Temple
  5923 | Temple   | Became a worshipper of Hepliaklqana the Forgotten
  6177 | D:5      | Reached XP level 8. HP: 47/54 MP: 14/14
  6596 | D:6      | Reached skill level 5 in Polearms
  6739 | D:5      | Reached skill level 5 in Fighting
  7925 | D:7      | Reached XP level 9. HP: 52/63 MP: 15/15
  8342 | D:7      | Reached skill level 5 in Spellcasting
  8589 | D:7      | Found an opulent altar of Gozag.
  8656 | D:7      | Reached * piety under Hepliaklqana
  8716 | D:7      | Got a warped spear
  8719 | D:7      | Identified the +5 spear of Ancient Evil {pierce, MP+9 Str+3
                  | Int+2} (You found it on level 7 of the Dungeon)
  9039 | D:7      | Learned a level 4 spell: Olgreb's Toxic Radiance
  9041 | D:7      | Learned a level 1 spell: Confusing Touch
  9840 | D:8      | Reached skill level 5 in Dodging
  9861 | D:8      | Reached XP level 10. HP: 72/72 MP: 18/19
  9937 | D:8      | Found an ancient bone altar of Kikubaaqudgha.
 10320 | D:8      | Learned a level 2 spell: Call Imp
 10323 | D:8      | Learned a level 2 spell: Blink
 10326 | D:9      | Reached skill level 5 in Poison Magic
 10353 | D:9      | Found Deuwkuapso's Antique Armour Shoppe.
 10366 | D:9      | Bought a pair of runed gloves for 262 gold pieces
 10524 | D:9      | Reached ** piety under Hepliaklqana
 10533 | D:9      | Remembered your ancestor Zola as a hexer
 10900 | D:9      | Reached skill level 6 in Dodging
 10992 | D:9      | Noticed a fire dragon
 11269 | D:10     | Entered Level 10 of the Dungeon
 11269 | D:10     | Found a staircase to the Orcish Mines.
 11271 | D:10     | Noticed Erica
 11382 | D:10     | Noticed an unseen horror
 11392 | D:10     | Killed an unseen horror
 11483 | D:10     | Noticed a centaur warrior
 11496 | D:10     | Killed a centaur warrior
 11581 | D:10     | Noticed a kobold demonologist
 11581 | D:10     | Noticed a red ugly thing
 11644 | D:10     | Killed a red ugly thing
 11644 | D:10     | Reached skill level 7 in Dodging
 11709 | D:10     | Killed a kobold demonologist
 11808 | D:10     | Noticed Fannar
 11903 | D:10     | Killed Fannar
 11903 | D:10     | Reached XP level 11. HP: 80/80 MP: 15/21
 12003 | D:10     | Killed Erica
 12036 | D:10     | Noticed Psyche
 12045 | D:10     | Killed Psyche
 12151 | D:10     | Found a staircase to the Lair.
 12359 | D:11     | Noticed a two-headed ogre
 12379 | D:11     | Killed a two-headed ogre
 12386 | D:11     | Reached skill level 8 in Dodging
 13011 | D:11     | Reached skill level 10 in Polearms
 13312 | D:11     | Reached *** piety under Hepliaklqana
 13421 | Lair:1   | Entered Level 1 of the Lair of Beasts
 13421 | Lair:1   | Noticed Grum
 13434 | Lair:1   | Killed Grum
 13507 | Lair:1   | Got a wizard robe
 13527 | D:10     | Identified the +2 robe "Xubrofowk" {rPois} (You found it on
                  | level 1 of the Lair of Beasts)
 13711 | Lair:1   | Noticed Urug
 13928 | Lair:1   | Reached skill level 10 in Fighting
 13931 | Lair:1   | Reached skill level 9 in Dodging
 14069 | Lair:1   | Noticed Prince Ribbit
 14077 | Lair:1   | Killed Prince Ribbit
 14116 | Lair:1   | Reached XP level 12. HP: 73/87 MP: 20/24
 14719 | Lair:2   | Found a staircase to the Swamp.
 14776 | Lair:2   | Reached skill level 10 in Dodging
 15174 | Lair:2   | Noticed a four-headed hydra
 15184 | Lair:2   | Killed a four-headed hydra
 15223 | Lair:2   | Found an opulent altar of Gozag.
 15257 | Lair:2   | Found a hole to the Spider Nest.
 15421 | Lair:2   | Reached **** piety under Hepliaklqana
 15825 | Lair:3   | Noticed a seven-headed hydra
 15831 | Lair:3   | Noticed a catoblepas
 16256 | Lair:2   | Killed a seven-headed hydra
 16481 | Lair:3   | You fall through a shaft!
 16491 | Lair:4   | Noticed an eight-headed hydra
 16559 | Lair:4   | Killed an eight-headed hydra
 16559 | Lair:4   | Reached skill level 1 in Translocations
 16761 | Lair:4   | Noticed a five-headed hydra
 16772 | Lair:4   | Killed a five-headed hydra
 16896 | Lair:4   | Learned a level 3 spell: Conjure Flame
 16958 | Lair:4   | Learned a level 3 spell: Stone Arrow
 17068 | Lair:3   | Reached skill level 11 in Dodging
 17291 | Lair:3   | Reached ***** piety under Hepliaklqana
 17528 | Lair:3   | Reached XP level 13. HP: 95/95 MP: 19/25
 17600 | Lair:3   | Learned a level 1 spell: Animate Skeleton
 18040 | Lair:3   | Reached skill level 5 in Conjurations
 20332 | Lair:5   | Found a staircase to the Slime Pits.
 20547 | Lair:5   | Reached skill level 12 in Dodging
 21538 | Lair:6   | Entered Level 6 of the Lair of Beasts
 21863 | Lair:6   | Reached XP level 14. HP: 87/104 MP: 6/27
 22457 | Lair:6   | Reached skill level 10 in Spellcasting
 23264 | Spider:1 | Entered Level 1 of the Spider Nest
 23282 | Spider:1 | Reached skill level 13 in Dodging
 23721 | D:11     | Reached skill level 5 in Shields
 24880 | Orc:1    | Entered Level 1 of the Orcish Mines
 24881 | Orc:1    | Noticed Snorg
 24929 | D:10     | Killed Snorg
 25718 | Orc:2    | Entered Level 2 of the Orcish Mines
 25718 | Orc:2    | Found a staircase to the Elven Halls.
 26271 | Orc:2    | Found a roughly hewn altar of Beogh.
 26426 | Orc:2    | Noticed an orc warlord
 26781 | Orc:2    | Killed an orc warlord
 27013 | Orc:2    | Found Jeisoleamm's Antique Armour Shoppe.
 27014 | Orc:2    | Found a roughly hewn altar of Beogh.
 27017 | Orc:2    | Found Mipian's Antique Weapon Emporium.
 27067 | Orc:2    | Bought a faintly humming leather armour for 252 gold pieces
 27077 | Orc:2    | Identified the cursed +0 leather armour of the Blacksmith
                  | {rN+ Dex+3 Stlth-} (You bought it in a shop on level 2 of
                  | the Orcish Mines)
 27233 | Orc:2    | Found a roughly hewn altar of Beogh.
 27254 | Orc:2    | Found Nexziss's Jewellery Boutique.
 27337 | Orc:2    | Found a roughly hewn altar of Beogh.
 27395 | Orc:2    | Reached skill level 14 in Dodging
 27481 | Orc:2    | Found a roughly hewn altar of Beogh.
 27652 | Orc:2    | Found Waduecrorie's Jewellery Shop.
 27659 | Orc:2    | Bought an uncursed amulet of guardian spirit for 480 gold
                  | pieces
 27774 | Orc:2    | Bought a shiny ring mail for 252 gold pieces
 27878 | Orc:2    | Bought the ring of Wefe {Wiz rPois rF+ Str+3 Dex-5} for 704
                  | gold pieces
 28478 | D:13     | Noticed Sonja
 28493 | D:13     | Killed Sonja
 28589 | D:13     | Reached XP level 15. HP: 105/109 MP: 28/29
 28621 | D:13     | Reached ****** piety under Hepliaklqana
 28957 | D:13     | Noticed Jorgrun
 29122 | Swamp:1  | Entered Level 1 of the Swamp
 29136 | Lair:2   | Reached skill level 10 in Shields
 29953 | Spider:1 | Learned a level 1 spell: Magic Dart
 29959 | Spider:1 | Learned a level 5 spell: Venom Bolt
 30182 | Spider:1 | Found a runed translucent door.
 31670 | Spider:2 | Noticed an emperor scorpion
 33780 | D:13     | Found a gate to the Vaults.
 33918 | D:13     | Killed Jorgrun
 34338 | D:13     | Reached XP level 16. HP: 116/116 MP: 17/30
 34398 | D:13     | Found a corrupted altar of Lugonu.
 35173 | D:14     | You fall through a shaft!
 35173 | D:15     | Entered Level 15 of the Dungeon
 35326 | D:15     | Got a pair of steaming gloves
 35637 | D:13     | Identified the +0 pair of gloves "Xeikiph" {rElec Dex+2}
                  | (You found it on level 15 of the Dungeon)
 35989 | D:14     | Got a faintly humming chain mail
 36165 | D:14     | Identified the +5 chain mail "Luseanaunn" {rElec rCorr
                  | Dex-4} (You found it on level 14 of the Dungeon)
 38034 | D:15     | Found a staircase to the Depths.
 38716 | D:15     | Found a staircase to the Depths.
 39859 | Swamp:1  | Reached skill level 15 in Dodging
 40038 | Swamp:2  | Noticed Donald
 40045 | Swamp:2  | Killed Donald
 41015 | Swamp:2  | Reached skill level 15 in Shields
 41135 | Swamp:2  | Paralysed by a hornet for 3 turns
 41294 | Swamp:2  | Reached skill level 1 in Invocations
 41550 | Swamp:2  | Reached XP level 17. HP: 124/124 MP: 32/32
 44235 | Spider:3 | Reached skill level 16 in Dodging
 44899 | Spider:4 | Entered Level 4 of the Spider Nest
 45296 | Spider:4 | Learned a level 3 spell: Confuse
 48091 | Spider:4 | Reached XP level 18. HP: 131/133 MP: 34/34
 49207 | Spider:4 | Reached skill level 15 in Fighting
 49569 | Spider:4 | Got a gossamer rune of Zot
 49800 | Spider:2 | Identified a scroll of acquirement
 51131 | Vaults:1 | Entered Level 1 of the Vaults
 51304 | Vaults:1 | Reached skill level 17 in Dodging
 51373 | Vaults:1 | Found a portal to a secret trove of treasure.
 52932 | Vaults:1 | Reached skill level 15 in Polearms
 53356 | Vaults:1 | Cast into level 2 of the Abyss (death knight)
 53361 | Abyss:2  | Learned a level 2 spell: Swiftness
 53409 | Abyss:2  | Noticed a bone dragon
 53421 | Vaults:1 | Escaped the Abyss
 54171 | Vaults:1 | Reached XP level 19. HP: 129/141 MP: 36/36
 54512 | Vaults:1 | Reached skill level 18 in Dodging
 55251 | Vaults:1 | Found a portal to a secret trove of treasure.
 56951 | Vaults:2 | Noticed Aizul
 57557 | Vaults:2 | Noticed a lich
 57564 | Vaults:2 | Cast into level 4 of the Abyss (a lich)
 57614 | Abyss:4  | Found a corrupted altar of Lugonu.
 57636 | Abyss:4  | Found a corrupted altar of Lugonu.
 57661 | Abyss:4  | Noticed a tentacled monstrosity
 57856 | Abyss:4  | Noticed a bone dragon
 57904 | Abyss:4  | Found an ancient bone altar of Kikubaaqudgha.
 57939 | Abyss:4  | Paralysed by accursed screaming for 1 turns
 57947 | Abyss:4  | Noticed a bone dragon
 57982 | Abyss:4  | Noticed a bone dragon
 58017 | Abyss:5  | Entered Level 5 of the Abyss
 58017 | Abyss:5  | Entered Level 5 of the Abyss
 58034 | Abyss:5  | Found a corrupted altar of Lugonu.
 58056 | Abyss:5  | HP: 4/94 [spatial maelstrom (3)]
 58059 | Abyss:5  | Mangled by a spatial maelstrom

Skill      XL: |  1  2  3  4  5  6  7  8  9 10 11 12 13 14 15 16 17 18 19 |
---------------+----------------------------------------------------------+-----
Conjurations   | 1 2 3 4 7 8 |  8.1
Dodging        | 3 4 5 7 9 11 12 14 15 16 17 18 | 18.3
Fighting       | 1 2 3 6 8 9 10 11 12 13 14 15 16 | 16.2
Poison Magic   | 4 7 8 |  8.5
Air Magic      | 1 2 |  2.0
Spellcasting   | 3 4 6 7 8 9 10 11 12 13 | 13.5
Shields        | 2 3 4 8 13 15 | 15.0
Polearms       | 3 7 9 10 12 13 15 | 15.8
Translocations | 2 |  2.5
Invocations    | 1 2 4 |  4.0
Stealth        | |  2.1

Action                   |  1- 3 |  4- 6 |  7- 9 | 10-12 | 13-15 | 16-18 | 19-21 || total
-------------------------+-------+-------+-------+-------+-------+-------+-------++-------
Melee: Club              |     6 |       |       |       |       |       |       ||     6
       Spear             |    41 |   152 |   256 |   414 |  1170 |  1700 |   258 ||  3991
       Dagger            |     2 |     3 |       |       |       |       |       ||     5
       Trident           |       |       |   172 |       |       |       |       ||   172
       Tailslap          |       |       |       |       |     2 |    28 |       ||    30
 Cast: Sting             |    30 |     9 |     1 |    26 |    63 |    38 |     1 ||   168
       Poisonous Vapours |     6 |    55 |    11 |   141 |   334 |   370 |    37 ||   954
       Confusing Touch   |       |       |     1 |    10 |       |     1 |       ||    12
       Olgreb's Toxic Ra |       |       |       |    21 |   125 |   124 |    23 ||   293
       Mephitic Cloud    |       |       |       |     1 |     9 |     8 |     1 ||    19
       Animate Skeleton  |       |       |       |       |   126 |    64 |     9 ||   199
       Conjure Flame     |       |       |       |       |    19 |    32 |     4 ||    55
       Stone Arrow       |       |       |       |       |     8 |     2 |     1 ||    11
       Magic Dart        |       |       |       |       |    11 |    12 |     6 ||    29
       Venom Bolt        |       |       |       |       |     3 |    29 |       ||    32
       Call Imp          |       |       |       |       |     3 |       |       ||     3
       Confuse           |       |       |       |       |       |     1 |       ||     1
       Swiftness         |       |       |       |       |       |       |     2 ||     2
       Blink             |       |       |       |       |       |       |     1 ||     1
Invok: Recall Ancestor   |       |       |     2 |     9 |     9 |    20 |     3 ||    43
       Ancestor Life: He |       |       |       |     1 |       |       |       ||     1
       Idealise          |       |       |       |     1 |       |     1 |       ||     2
Evoke: Wand              |       |       |       |    13 |     8 |     2 |       ||    23
  Use: Scroll            |       |     9 |     8 |    11 |     7 |    11 |     2 ||    48
       Potion            |       |       |       |       |     1 |     3 |     5 ||     9
 Stab: Sleeping          |     1 |     5 |       |     3 |       |     4 |       ||    13
       Distracted        |       |       |     1 |     7 |    10 |    22 |     1 ||    41
       Confused          |       |       |       |    10 |    14 |    14 |    11 ||    49
       Paralysed         |       |       |       |       |    16 |    61 |     3 ||    80
  Eat: Chunk             |     2 |    13 |    12 |    22 |    39 |    50 |     5 ||   143
       Ration            |       |       |     2 |     1 |     7 |     7 |     2 ||    19
Armor: Robe              |    10 |    15 |     6 |       |       |       |       ||    31
       Chain mail        |       |       |   146 |       |       |       |       ||   146
       Leather armour    |       |       |       |    53 |    94 |   114 |    11 ||   272
Dodge: Dodged            |    34 |    74 |    81 |   133 |   340 |   540 |    78 ||  1280
       Deflected         |       |       |       |       |     9 |    27 |     4 ||    40
Block: Buckler           |       |    17 |    63 |    46 |    61 |       |       ||   187
       Shield            |       |       |       |       |   155 |   738 |   111 ||  1004
